AoeStats
← dashuaibi

Fortress

509860628Analyzed
3v3 RM · 3d ago on Sep 28, 2026· 37m 15s· 6 players
Game mode
Random Map
Map size
Large (8 player)
Population
200
Speed
Normal
Resources
Standard
Victory
Conquest
Starting age
Dark Age
Ending age
Imperial Age
RankedLock teamsTeams togetherTeam positionsShared explorationLock speedFull tech treeHidden civsTurbo modeCheats
Victory
Defeat
🇨🇳 Celts · China
1571
+11
🇭🇰 Varangians · Hong Kong SAR China
1420
+17
🇨🇳 Britons · China
1293
+23
🇺🇸 Hindustanis · United States
1511
-19
🇲🇽 Aztecs · Mexico
1445
-17
🇨🇳 Bohemians · China
1394
-15
Moctezama
9:03 Feudal Age
13:14 Castle Age
11:37 Scale Mail Armor
11:47 Forging
11:52 Double-Bit Axe
19:32 Loom
20:40 Chain Mail Armor
28:56 Imperial Age
27:57 Bow Saw
30:33 Plate Mail Armor
30:38 Iron Casting
30:11 Pikeman
32:17 Capped Ram
33:28 Conscription
36:25 Blast Furnace
Chiripa605
7:52 Feudal Age
11:43 Castle Age
9:51 Double-Bit Axe
10:26 Loom
10:40 Horse Collar
12:39 Bow Saw
16:26 Town Watch
18:12 Wheelbarrow
19:44 Heavy Plow
20:40 Hand Cart
21:18 Gold Mining
21:31 Grand Trunk Road
25:04 Imperial Age
26:49 Chemistry
26:35 Scale Mail Armor
27:06 Fletching
27:35 Shatagni
29:34 Two-Man Saw
29:29 Padded Archer Armor
30:02 Squires
31:12 Conscription
31:09 Chain Mail Armor
31:19 Elite Ghulam
32:42 Forging
dashuaibi
7:52 Feudal Age
11:44 Castle Age
9:55 Double-Bit Axe
9:52 Horse Collar
11:36 Loom
15:49 Fervor
17:12 Bow Saw
19:00 Heavy Plow
20:46 Wheelbarrow
22:24 Hand Cart
25:46 Imperial Age
23:24 Town Watch
24:14 Ballistics
25:41 Chemistry
24:34 Fletching
24:45 Scale Mail Armor
24:55 Forging
25:58 Masonry
25:42 Guard Tower
27:07 Wagenburg Tactics
27:22 Conscription
27:37 Bombard Tower
27:59 Architecture
27:52 Chain Mail Armor
28:12 Iron Casting
27:32 Bodkin Arrow
28:29 Bombard Tower
28:07 Murder Holes
29:10 Keep
28:33 Murder Holes
29:04 Padded Archer Armor
29:37 Plate Mail Armor
29:10 Squires
28:55 Arson
30:25 Houfnice
30:59 Arrowslits
川芎
4:06 Loom
6:45 Feudal Age
10:27 Castle Age
8:41 Double-Bit Axe
9:02 Horse Collar
11:42 Bow Saw
18:30 Wheelbarrow
19:47 Heavy Plow
20:06 Town Watch
21:16 Hand Cart
20:58 Loom
22:10 Gold Mining
25:32 Imperial Age
23:06 Husbandry
24:09 Forging
24:04 Scale Barding Armor
25:37 Bloodlines
26:09 Iron Casting
26:31 Chain Barding Armor
25:45 Elite Jarl
26:49 Conscription
27:40 Two-Man Saw
28:45 Blast Furnace
29:15 Plate Barding Armor
28:03 Light Cavalry
29:08 Fletching
30:32 Capped Ram
30:38 Hussar
32:08 Siege Ram
33:32 Bodkin Arrow
35:32 Siege Engineers
吞风吻雨
7:17 Feudal Age
11:04 Castle Age
9:04 Horse Collar
9:35 Double-Bit Axe
12:27 Bow Saw
12:35 Loom
14:07 Wheelbarrow
16:32 Fletching
17:17 Ballistics
18:26 Hand Cart
24:17 Bodkin Arrow
25:15 Padded Archer Armor
26:11 Gold Mining
31:15 Imperial Age
28:49 Crossbowman
30:37 Leather Archer Armor
30:58 Heavy Plow
32:14 Bracer
33:18 Chemistry
33:17 Conscription
34:13 Ring Archer Armor
35:19 Two-Man Saw
35:18 Elite Longbowman
37:13 Yeomen
安心发展
6:46 Feudal Age
10:18 Castle Age
8:44 Horse Collar
10:09 Double-Bit Axe
12:32 Bow Saw
13:50 Wheelbarrow
18:28 Gold Mining
20:06 Gold Shaft Mining
23:00 Imperial Age
20:16 Loom
20:48 Stone Mining
21:32 Town Watch
22:00 Forging
22:42 Hand Cart
22:49 Pikeman
24:09 Conscription
23:31 Onager
25:30 Scale Mail Armor
26:05 Iron Casting
26:43 Siege Onager
28:20 Siege Engineers
29:40 Chain Mail Armor
30:59 Ballistics
31:11 Plate Mail Armor
31:42 Blast Furnace
31:29 Elite Woad Raider
Connection lost

Rejoining the realm…

Still unreachable

The connection could not be restored.

Session expired

The server has moved on; the page needs a fresh start.